 Dungeon Crawl Stone Soup version 0.31-a0-765-g67fe2935dc (webtiles) character file.

Game seed: 9941842389975761721

427 thriggle the Gusty (level 6, -3/47 HPs)
             Began as a Gnoll Wanderer on Sept 15, 2023.
             Was an Initiate of Qazlal.
             Slain by a black bear (7 damage)
             ... on level 4 of the Dungeon.
             The game lasted 00:11:58 (2927 turns).

thriggle the Gusty (Gnoll Wanderer)                 Turns: 2927, Time: 00:11:59

Health: -3/47      AC:  6    Str:  9    XL:     6   Next: 97%
Magic:  8/10       EV: 27    Int: 12    God:    Qazlal [......]
Gold:   140        SH:  0    Dex: 15    Spells: 8/12 levels left

rFire   . . .        a - +2 quarterstaff
rCold   + . .        (shield currently unavailable)
rNeg    . . .        i - +0 leather armour
rPois   .            (no helmet)
rElec   .            (no cloak)
rCorr   .            (no gloves)
SInv    .            k - +0 pair of boots
Will    +....        w - amulet of the acrobat
Stlth   ++           h - ring of willpower
HPRegen 0.27/turn    t - ring of protection from cold
MPRegen 0.12/turn

%: acrobat
@: acrobatic
A: fangs 1, strong nose, distributed training, iridescent scales 1, low MP 1
a: Renounce Religion


You were on level 4 of the Dungeon.
You worshipped Qazlal.
Qazlal was noncommittal.
You visited 2 branches of the dungeon, and saw 5 of its levels.

You collected 140 gold pieces.

Inventory:

Hand Weapons
 a - a +2 quarterstaff (weapon)
 b - a +2 dagger of protection
 j - a +1 falchion of electrocution
 m - a +2 mace of draining
 o - a +0 trident
 x - a +2 scimitar of holy wrath
 z - a +0 halberd
 C - a +4 dagger
Missiles
 l - 50 stones
 n - 4 boomerangs
Armour
 d - a +0 robe
 i - a +0 leather armour (worn)
 k - a +0 pair of boots (worn)
 q - a +0 ring mail
 v - a +0 scale mail
Magical Staves
 g - a staff of fire
Jewellery
 h - a ring of willpower (left hand)
 t - a ring of protection from cold (right hand)
 w - an amulet of the acrobat (around neck)
 y - an amulet of magic regeneration
 A - a ring of flight
Talismans
 r - a beast talisman
Scrolls
 c - a scroll of butterflies
 e - 2 scrolls of identify
 f - a scroll of fear
 p - 2 scrolls of revelation
 u - a scroll of noise
 B - a scroll of vulnerability
Potions
 s - 3 potions of enlightenment


   Skills:
 + Level 3.4 Fighting
 + Level 2.2 Short Blades
 + Level 2.2 Long Blades
 + Level 2.2 Axes
 + Level 2.2 Maces & Flails
 + Level 2.2 Polearms
 + Level 5.1 Staves
 + Level 2.2 Ranged Weapons
 + Level 2.2 Throwing
 + Level 5.1 Armour
 + Level 2.2 Dodging
 + Level 3.2 Stealth
 + Level 2.2 Shields
 + Level 2.2 Unarmed Combat
 + Level 3.6 Spellcasting
 + Level 1.8 Conjurations
 + Level 1.8 Hexes
 + Level 1.8 Summonings
 + Level 1.8 Necromancy
 + Level 1.8 Translocations
 + Level 1.8 Transmutations
 + Level 1.8 Fire Magic
 + Level 1.8 Ice Magic
 + Level 5.7 Air Magic
 + Level 1.8 Earth Magic
 + Level 1.8 Poison Magic
 + Level 2.4 Invocations
 + Level 2.2 Evocations
 + Level 2.0 Shapeshifting


You had 8 spell levels left.
You knew the following spells:

 Your Spells              Type           Power      Damage    Failure   Level
a - Shock                 Conj/Air       44%        1d5       6%          1
b - Mephitic Cloud        Conj/Pois/Air  9%         N/A       26%         3

Your spell library contained the following spells:

 Spells                   Type           Power      Damage    Failure   Level
 Swiftness                Air            16%        N/A       9%          3
 Sublimation of Blood     Necr           6%         N/A       22%         2
 Wereblood                Tmut           6%         N/A       22%         2
 Airstrike                Air            8%         2d(2-18)  28%         4
 Irradiate                Conj/Tmut      3%         3d12      99%         5
 Summon Hydra             Summ           3%         N/A       100%        7


Dungeon Overview and Level Annotations

Branches:
Dungeon (4/15)             Temple (1/1) D:4

Altars:
Cheibriados
Elyvilon
Fedhas
Makhleb
Qazlal
Ru
Trog
Uskayaw
Xom


Innate Abilities, Weirdness & Mutations

You have very sharp teeth.
Your uncanny sense of smell can sniff out nearby items.
Your experience applies equally to all skills.
You are partially covered in iridescent scales. (AC +2)
Your magical capacity is low. (-10% MP)


Message History

The black bear is almost dead.
The black bear bites you.
The black bear claws you but does no damage. x2
You barely miss the black bear.
The black bear is almost dead.
The black bear goes berserk!
You hit the black bear.
The black bear is almost dead.
The black bear bites you but does no damage.
The black bear claws you but does no damage. x2
The black bear bites you. The black bear barely misses you.
The black bear claws you. The black bear completely misses you.
The black bear claws you. The black bear misses you.
Your magical contamination has completely faded away.
The black bear misses you.
The black bear completely misses you. x3
The black bear misses you. The black bear closely misses you.
The black bear completely misses you. The black bear misses you.
The black bear barely misses you. The black bear bites you!
* * * LOW HITPOINT WARNING * * *
The black bear completely misses you. The black bear barely misses you.
The black bear completely misses you. x2; The black bear misses you.
The black bear rages.
The black bear rages.
The black bear attacks as it pursues you!
The black bear misses you. The black bear claws you.
* * * LOW HITPOINT WARNING * * *
The black bear misses you. x2; The black bear completely misses you.
The black bear misses you.
The black bear rages.
The black bear rages.
The black bear barely misses you. The black bear completely misses you.
The black bear claws you.
* * * LOW HITPOINT WARNING * * *
The black bear attacks as it pursues you!
The black bear completely misses you. The black bear misses you.
The black bear closely misses you. The black bear bites you!
You die...

##...... ## #.........#
....(....# ....#
##.##.##.## ....#
###.........###....#
#..................##
#..⌠...⌠..# #...#
#####.........#####.#.#
#..>.....>....h@......#
....#.........#.......##
....#..⌠...⌠..#........#
........................#
.....#.........#........#
.....##.##.##.##.....)).#
##.#$...##.##.#.........##
..
........##............## #
#....#..)#####.###.###..##


You could see a black bear (berserk).

Vanquished Creatures
  Sigmund (D:2)
  A black bear (Temple)
  An orc priest (D:3)
  An orc wizard (Temple)
  4 gnolls
  3 adders
  3 dart slugs
  7 orcs
  6 ball pythons
  3 endoplasms
  5 giant cockroaches
  7 hobgoblins
  4 quokkas
  5 bats
  5 frilled lizards
  8 goblins
  6 kobolds
  22 rats
92 creatures vanquished.

Notes
Turn   | Place    | Note
-------+----------+-------------------------------------------
     0 | D:1      | thriggle the Gnoll Wanderer began the quest for the Orb.
     0 | D:1      | thriggle set off with the following items: a +2
                  | quarterstaff, a +0 pair of boots, a scroll of butterflies,
                  | a +0 robe; and the following spell memorised: Shock; and
                  | the following spells available to memorise: Mephitic Cloud.
     0 | D:1      | Reached XP level 1. HP: 17/17 MP: 4/4
   192 | D:1      | Reached XP level 2. HP: 22/23 MP: 5/5
   505 | D:1      | Reached XP level 3. HP: 25/27 MP: 7/7
   516 | D:1      | Learned a level 3 spell: Mephitic Cloud
   677 | D:1      | Gained mutation: Your magical capacity is low. (-10% MP)
                  | [potion of mutation]
   677 | D:1      | Gained mutation: You are partially covered in iridescent
                  | scales. (AC +2) [potion of mutation]
   728 | D:2      | Reached skill level 1 in Invocations
   960 | D:2      | Noticed Sigmund
  1089 | D:2      | Reached skill level 1 in Short Blades
  1089 | D:2      | Reached skill level 1 in Long Blades
  1089 | D:2      | Reached skill level 1 in Axes
  1089 | D:2      | Reached skill level 1 in Maces & Flails
  1089 | D:2      | Reached skill level 1 in Polearms
  1089 | D:2      | Reached skill level 1 in Ranged Weapons
  1089 | D:2      | Reached skill level 1 in Throwing
  1089 | D:2      | Reached skill level 1 in Dodging
  1089 | D:2      | Reached skill level 1 in Shields
  1089 | D:2      | Reached skill level 1 in Unarmed Combat
  1089 | D:2      | Reached skill level 1 in Evocations
  1106 | D:2      | Killed Sigmund
  1107 | D:2      | Reached skill level 1 in Conjurations
  1107 | D:2      | Reached skill level 1 in Hexes
  1107 | D:2      | Reached skill level 1 in Summonings
  1107 | D:2      | Reached skill level 1 in Necromancy
  1107 | D:2      | Reached skill level 1 in Translocations
  1107 | D:2      | Reached skill level 1 in Transmutations
  1107 | D:2      | Reached skill level 1 in Fire Magic
  1107 | D:2      | Reached skill level 1 in Ice Magic
  1107 | D:2      | Reached skill level 1 in Earth Magic
  1107 | D:2      | Reached skill level 1 in Poison Magic
  1107 | D:2      | Reached skill level 1 in Shapeshifting
  1107 | D:2      | Reached XP level 4. HP: 15/35 MP: 7/7
  1107 | D:2      | Reached XP level 5. HP: 18/41 MP: 8/8
  1928 | D:3      | Reached XP level 6. HP: 30/47 MP: 9/9
  2167 | D:3      | Reached skill level 5 in Staves
  2167 | D:3      | Reached skill level 5 in Armour
  2538 | D:4      | Noticed a black bear
  2542 | D:4      | Found a staircase to the Ecumenical Temple.
  2571 | D:4      | Noticed a black bear
  2577 | Temple   | Entered the Ecumenical Temple
  2768 | Temple   | Became a worshipper of Qazlal Stormbringer
  2792 | Temple   | Killed a black bear
  2927 | D:4      | Slain by a black bear

Illustrated notes

Levels and vault maps discovered:
D:1:      psy_arrival_fountain, layout_basic, minmay_tree_intersection,
          st_stairs_8, chequers_serial_rivers_micro_c, supply_closet_lemuel,
          hangedman_decor_lopped, minmay_split_cup_small
D:2:      layout_loops_ring, minmay_goblin_kobold_house, uniq_sigmund
D:3:      layout_basic, chequers_serial_rivers_room_a, nrook_mini_backslash,
          serial_bayou_pond_b, minmay_rat_hole
D:4:      layout_rooms, evilmike_ruin_ashenzari, minmay_temple_entry_large_hall,
          hangedman_feature_mirror
Temple:   hellmonk_temple_beads

Skill      XL: |  1  2  3  4  5  6 |
---------------+-------------------+-----
Invocations    | 1 2 |  2.4
Short Blades   | 1 2 |  2.2
Long Blades    | 1 2 |  2.2
Axes           | 1 2 |  2.2
Maces & Flails | 1 2 |  2.2
Polearms       | 1 2 |  2.2
Ranged Weapons | 1 2 |  2.2
Throwing       | 1 2 |  2.2
Dodging        | 1 2 |  2.2
Shields        | 1 2 |  2.2
Unarmed Combat | 1 2 |  2.2
Evocations     | 1 2 |  2.2
Fighting       | 3 |  3.4
Spellcasting   | 3 |  3.6
Conjurations   | 1 |  1.8
Hexes          | 1 |  1.8
Summonings     | 1 |  1.8
Necromancy     | 1 |  1.8
Translocations | 1 |  1.8
Transmutations | 1 |  1.8
Fire Magic     | 1 |  1.8
Ice Magic      | 1 |  1.8
Earth Magic    | 1 |  1.8
Poison Magic   | 1 |  1.8
Shapeshifting  | 1 2 |  2.0
Stealth        | 3 |  3.2
Staves         | 5 |  5.1
Armour         | 5 |  5.1
Air Magic      | |  5.7

Action                     |  1- 3 |  4- 6 || total
---------------------------+-------+-------++-------
  Melee: Quarterstaff      |    92 |   164 ||   256
         Bite              |     5 |    10 ||    15
  Throw: Stone             |       |     2 ||     2
   Cast: Mephitic Cloud    |       |     2 ||     2
         Shock             |       |     1 ||     1
    Use: Scroll            |     5 |     3 ||     8
         Potion            |     2 |       ||     2
   Stab: Sleeping          |     3 |     5 ||     8
 Armour: Robe              |    28 |       ||    28
         Leather armour    |    20 |   155 ||   175
         Ring mail         |     1 |       ||     1
  Dodge: Dodged            |    41 |   162 ||   203

Table legend: (Time is in decaauts)
 A = Elapsed time spent in this place.
 B = Non-inter-level travel time spent in this place.
 C = Inter-level travel time spent in this place.
 D = Time resting spent in this place.
 E = Time spent auto-exploring this place.
 F = Levels seen in this place.
 G = Mean time per level.
                   A        B        C        D        E       F      G
               +--------+--------+--------+--------+--------+-----+--------+
         Total |   2941 |   2850 |     91 |      0 |   1472 |   5 |  588.2 |
       Dungeon |   2610 |   2549 |     61 |      0 |   1410 |   4 |  652.5 |
        Temple |    331 |    301 |     30 |      0 |     62 |   1 |  331.0 |
               +--------+--------+--------+--------+--------+-----+--------+

Top non-repeatable levels by time:
     D:2: 939 daAuts
     D:3: 870 daAuts
     D:1: 712 daAuts
  Temple: 331 daAuts
     D:4: 88 daAuts
